 Dungeon Crawl Stone Soup version 0.16-a0-1109-gda7d4ef (webtiles) character file.

33 JacquesDerrida the Cudgeler (level 3, -12/29 HPs)
             Began as a Demigod Skald on Oct 6, 2014.
             Killed by miscasting Regeneration (25 damage)
             ... on level 2 of the Dungeon.
             The game lasted 00:04:31 (804 turns).

JacquesDerrida the Cudgeler (Demigod Skald)          Turns: 804, Time: 00:04:35

Health: -12/29     AC:  3    Str: 15    XL:     3   Next: 0%
Magic:  0/7        EV: 11    Int: 16    God:
Gold:   64         SH:  0    Dex: 17    Spells: 2 memorised, 1 level left

rFire  . . .     SeeInvis .     a - +0 mace
rCold  . . .     Clarity  .     b - +0 leather armour
rNeg   + . .     SustAb   .     (no shield)
rPois  .         Gourm    .     (no helmet)
rElec  .         Spirit   .     (no cloak)
rCorr  .         Warding  .     (no gloves)
rMut   .         Stasis   .     (no boots)
MR     .....                    (no amulet)
Stlth  +.........               m - +4 ring of slaying
                                j - ring of positive energy

@: very slightly contaminated, not resistant to hostile enchantments, very
unstealthy
A: no striking features
a: no special abilities


You were on level 2 of the Dungeon.
You were hungry.

You visited 1 branch of the dungeon, and saw 2 of its levels.

You collected 64 gold pieces.

Inventory:

Hand weapons
 a - a +0 mace (weapon)
Missiles
 l - 16 poisoned needles
Armour
 b - a +0 leather armour (worn)
Comestibles
 d - a bread ration
 f - a beef jerky
 h - 2 fruits
 i - a meat ration
 q - a slice of pizza
Scrolls
 e - a scroll of random uselessness {unknown}
 g - a scroll of fear {unknown}
 n - a scroll of remove curse {unknown}
Jewellery
 j - a ring of positive energy (left hand)
 m - a +4 ring of slaying (right hand)
Potions
 k - a potion of haste
 o - a potion of confusion {unknown}
 p - a potion of curing {unknown}
Books
 c - a book of Battle

   Spells                             Type                      Level
   *Infusion                          Charms                       1
   Shroud of Golubria                 Charms/Translocation         2
   Song of Slaying                    Charms                       2
   Spectral Weapon                    Hexes/Charms                 3
   *Regeneration                      Charms/Necromancy            3


   Skills:
 - Level 1.7 Fighting
 + Level 3.2 Maces & Flails
 - Level 0.8 Armour
 - Level 0.8 Dodging
 - Level 1.7 Spellcasting
 - Level 2.6 Charms


You had one spell level left.
You knew the following spells:

 Your Spells              Type           Power        Failure   Level  Hunger
a - Infusion              Chrm           ##....       10%         1    ##.....
r - Regeneration          Chrm/Necr      #.........   38%         3    ####...


Dungeon Overview and Level Annotations

Branches:
Dungeon (2/15)

Annotations:
D:2 Ijyb


Message History

Your skin stops crawling.
The worm bites you.
You barely miss the worm.
The worm is almost dead.
The worm bites you.
A bat comes into view.
You see here a slice of pizza.
q - a slice of pizza The bat hits you.
Found a stone staircase leading down.
Found a scroll labeled CHEFEIRCHEJEG.
There is a stone staircase leading down here.
There is a stone staircase leading up here.
Casting: Regeneration
Confirm with . or Enter, or press ? or * to list all spells.
You miscast Regeneration.
You are very lightly contaminated with residual magic.
You convulse helplessly as pain tears through your body!
Ouch! That really hurt!
You die...

# #.......#..............#
.## #######.>...............#
..###.............##.........
#.....#####....##..........##
#..# ###...#.###.###.######
###..# ##...##..# #.# #..
)....# #...###.## #.# ###.
##...# #..(###.####.#####.#
##..###........@.<.......#
##...#(..###.####.#######
#.#).#.## #.# #.# #.##.###
##.# #w# #......# #..# #.##
###..#.# #.## #>.#####..#
##.#.# #.# ##.....?.#
#.#..##.### #..######
#.##......####.##


There were no monsters in sight!

Vanquished Creatures
  An adder (D:1)
  2 giant geckos
  2 bats (D:1)
  6 goblins
  2 hobgoblins
  A quokka (D:2)
  3 jackals (D:2)
  5 kobolds
  3 rats
25 creatures vanquished.

Notes
Turn   | Place    | Note
--------------------------------------------------------------
     0 | D:1      | JacquesDerrida, the Demigod Skald, began the quest for the Orb.
     0 | D:1      | Reached XP level 1. HP: 17/17 MP: 3/3
   139 | D:2      | Noticed Ijyb
   149 | D:1      | Reached XP level 2. HP: 7/24 MP: 0/4
   179 | D:1      | HP: 1/24 [poisoned by an adder]
   506 | D:1      | Reached skill level 3 in Maces & Flails
   687 | D:2      | Reached XP level 3. HP: 15/29 MP: 0/7
   713 | D:2      | Learned a level 3 spell: Regeneration
   804 | D:2      | Killed by miscasting Regeneration

Action                   || total
-------------------------++-------
Melee: Mace              ||    69
 Cast: Infusion          ||    10
       Regeneration      ||     2
  Use: Potion            ||     1
